 Dungeon Crawl Stone Soup version 0.20-a0-1114-g33edf32 (webtiles) character file.

43 4thArraOfDagon the Scratcher (level 3, -6/14 HPs)
             Began as a Felid Ice Elementalist on May 6, 2017.
             Mangled by an ice beast (13 damage)
             ... on level 6 of the Dungeon.
             The game lasted 00:02:00 (528 turns).

4thArraOfDagon the Scratcher (FeIE)                  Turns: 528, Time: 00:02:01

Health: -6/14      AC:  1    Str:  4    XL:     3   Next: 37%
Magic:  3/7        EV: 18    Int: 22    God:
Gold:   70         SH:  0    Dex: 16    Spells: 5/6 levels left
                                        Lives:  0   Deaths: 0

rFire    . . .     SeeInvis +     - Unarmed
rCold    . . .     Gourm    .   (shield unavailable)
rNeg     . . .     Faith    .   (armour unavailable)
rPois    .         Spirit   .   (helmet unavailable)
rElec    .         Reflect  .   (cloak unavailable)
rCorr    .         Harm     .   (gloves unavailable)
MR       .....                  (boots unavailable)
Stlth    +++.......             (no amulet)
Regen    0.1/turn               (no ring)
MPRegen  0.1/turn               (no ring)

@: brilliant, quick
A: no armour, no weapons or thrown items, stealth, claws 1, fangs 3, see
invisible, carnivore 3, speed 1, shaggy fur 1, slow metabolism 1, sharp paws
a: no special abilities


You were on level 6 of the Dungeon.
You were not hungry.

You visited 1 branch of the dungeon, and saw 6 of its levels.

You collected 70 gold pieces.

Inventory:

Scrolls
 d - a scroll of blinking {unknown}
Potions
 c - a potion of mutation {unknown}
 e - a potion of heal wounds {unknown}
Books
 a - a book of Frost

   Spells                             Type                      Level
   a - Freeze                         Ice                          1
   b - Throw Frost                    Conjuration/Ice              2
   c - Ozocubu's Armour               Charms/Ice                   3
   d - Throw Icicle                   Conjuration/Ice              4
   e - Summon Ice Beast               Ice/Summoning                4
 f - a book of Cantrips

   Spells                             Type                      Level
   a - Confusing Touch                Hexes                        1
   b - Animate Skeleton               Necromancy                   1
   c - Summon Small Mammal            Summoning                    1
   d - Apportation                    Translocation                1
Comestibles
 b - a meat ration


   Skills:
 - Level 2.6 Dodging
 - Level 2.6 Stealth
 * Level 3.1 Unarmed Combat
 - Level 2.0 Spellcasting
   Level 0.8 Conjurations
 - Level 2.6 Ice Magic


You had 5 spell levels left.
You knew the following spells:

 Your Spells              Type           Power        Failure   Level  Hunger
a - Freeze                Ice            ####         1%          1    #......


Dungeon Overview and Level Annotations

Branches:
Dungeon (6/15)
 Temple: D:4-7

Altars:
Elyvilon
Nemelex Xobeh

Annotations:
D:4 exclusion: skeleton
D:5 Edmund


Innate Abilities, Weirdness & Mutations

You cannot wear armour.
You are incapable of wielding weapons or throwing items.
Your paws allow you to move quietly. (Stealth)
You have sharp claws.
You have razor-sharp teeth.
You have supernaturally acute eyesight. (SInv)
You are carnivorous and can eat meat at any time.
You cover ground quickly.
You are covered in fur. (AC +1)
You have a slow metabolism.
Your sharp claws are effective at attacking unaware monsters.


Message History

You have reached level 2!
You have reached level 3!
Your experience leads to an increase in your attributes!
Your base attributes are Str 4, Int 16, Dex 16.
Increase (S)trength, (I)ntelligence, or (D)exterity?
You feel clever.
Unknown command.
Found a lumpy cyan potion.
You see here a lumpy cyan potion.
c - a lumpy cyan potion
There is a stone staircase leading up here.
You climb upwards.
Level annotation: Edmund A bullfrog skeleton comes into view.
There is a stone staircase leading down here.
Unknown command.
You climb downwards.
The ice beast misses you. The ice beast hits you. The ice beast freezes you!
Ouch! That really hurt!
You die...

#.# #.# ##########.#
#........#.#
#.######.#.#
#.######.#.#
####.#...##.#.###
#......#.......@#####
#.##.#...##...Y........
#.##.######.....######.
#.##.######....##
#.##..<.....#.##
#.###########.# #....#
#.# ####.# #+# .#


You could see an ice beast.

Vanquished Creatures
  A howler monkey (D:6)
  A bat (D:2)
  A giant cockroach (D:4)
  2 kobolds (D:2)
  A rat (D:2)
6 creatures vanquished.

Notes
Turn   | Place    | Note
-------+----------+-------------------------------------------
     0 | D:1      | 4thArraOfDagon the Felid Ice Elementalist began the quest for the Orb.
     0 | D:1      | Reached XP level 1. HP: 7/7 MP: 4/4
    79 | D:2      | Reached skill level 1 in Unarmed Combat
   110 | D:2      | You fall through a shaft!
   114 | D:3      | Found a white marble altar of Elyvilon.
   383 | D:4      | Found a sparkling altar of Nemelex Xobeh.
   403 | D:4      | Noticed a hound
   446 | D:5      | Entered Level 5 of the Dungeon
   455 | D:5      | Noticed Edmund
   495 | D:6      | Noticed a howler monkey
   502 | D:6      | Noticed an ice beast
   503 | D:6      | Killed a howler monkey
   503 | D:6      | Reached skill level 3 in Unarmed Combat
   503 | D:6      | Reached XP level 2. HP: 8/11 MP: 1/6
   503 | D:6      | Reached XP level 3. HP: 10/14 MP: 1/7
   528 | D:6      | Mangled by an ice beast

Vault maps used:
D:1:      lightli_arrival_quake
D:2:      old_standard_altar, minmay_misc_feat_four_crosses, uniq_jessica
D:3:      overflow_temple_1_default, nicolae_ru_path_of_blood, uniq_purgy
D:4:      nemelex_altar_shiori, minitemple, first_bread, minmay_crystal_water
D:5:      minmay_temple_entry_statues, serial_bayou_pond_e, uniq_eustachio,
          uniq_edmund, uniq_pikel
D:6:      overflow_temple_1_default, uniq_duvessa

Skill      XL: |  1 |
---------------+----+-----
Unarmed Combat | 3 |  3.1
Dodging        | |  2.6
Stealth        | |  2.6
Spellcasting   | |  2.0
Conjurations   | |  0.8
Ice Magic      | |  2.6

Action                   || total
-------------------------++-------
Melee: Unarmed           ||     7
 Cast: Freeze            ||     7
  Use: Potion            ||     1
 Stab: Sleeping          ||     2
  Eat: Chunk             ||     1
Dodge: Dodged            ||    12
